 Dungeon Crawl Stone Soup version 0.23.0 (webtiles) character file.

Game seed: 5401325089807318664

80 Fang the Skirmisher (level 4, -2/29 HPs)
             Began as a Gargoyle Berserker on Feb 11, 2019.
             Was a Believer of Trog.
             Slain by a hobgoblin (3 damage)
             ... on level 3 of the Dungeon.
             The game lasted 00:01:35 (1945 turns).

Fang the Skirmisher (Gargoyle Berserker)            Turns: 1945, Time: 00:01:36

Health: -2/29      AC:  5    Str: 22    XL:     4   Next: 39%
Magic:  4/4        EV: 12    Int:  7    God:    Trog [**....]
Gold:   104        SH:  0    Dex:  9    Spells: 3/3 levels left

rFire    + . .     SeeInvis .   a - +0 hand axe
rCold    . . .     Gourm    .   (no shield)
rNeg     + . .     Faith    .   b - +0 animal skin
rPois    ∞         Spirit   .   (no helmet)
rElec    +         Reflect  .   (no cloak)
rCorr    .         Harm     .   (no gloves)
MR       .....                  (no boots)
Stlth    +.........             (no amulet)
HPRegen  0.09/turn              d - ring of protection from fire
MPRegen  0.09/turn              (no ring)

@: no status effects
A: negative energy resistance 1, electricity resistance, unbreathing,
petrification resistance, rot immunity, AC +3
a: Berserk, Trog's Hand, Renounce Religion


You were on level 3 of the Dungeon.
You worshipped Trog.
Trog was pleased with you.
You were near starving.

You visited 1 branch of the dungeon, and saw 3 of its levels.

You collected 104 gold pieces.

Inventory:

Hand Weapons
 a - a +0 hand axe (weapon)
Armour
 b - a +0 animal skin (worn)
Jewellery
 d - a ring of protection from fire (left hand)
Scrolls
 e - 3 scrolls of teleportation {unknown}
 f - 3 scrolls of identify {unknown}
 h - 4 scrolls of enchant armour {unknown}
 i - a scroll of remove curse {unknown}
 j - a scroll of magic mapping {unknown}
 m - a scroll of fear {unknown}
Potions
 g - a potion of haste {unknown}
 k - 2 potions of might {unknown}
 l - a potion of agility {unknown}
Comestibles
 c - 2 rations


   Skills:
 + Level 4.0 Fighting
 + Level 3.2 Axes
 + Level 3.0 Armour
 + Level 2.2 Dodging


You had 3 spell levels left.
You didn't know any spells.
Your spell library was empty.

Dungeon Overview and Level Annotations

Branches:
Dungeon (3/15)

Altars:
Zin


Innate Abilities, Weirdness & Mutations

You are resistant to torment.
Your stone body is resilient. (AC +3)
You are immune to poison.
You resist negative energy. (rN+)
You are resistant to electric shocks. (rElec)
You can survive without breathing.
You are immune to petrification.
You are immune to rotting.


Message History

The jackal closely misses you.
The hobgoblin hits you but does no damage.
The jackal barely misses you.
You hit the hobgoblin but do no damage. You closely miss the jackal.
The jackal misses you. The hobgoblin closely misses you. The jackal bites you.
* * * LOW HITPOINT WARNING * * *
The hobgoblin barely misses you.
You closely miss the hobgoblin. You hit the jackal.
The jackal bites you but does no damage.
The hobgoblin misses you.
You hit the hobgoblin.
The hobgoblin is almost dead.
You hit the jackal but do no damage. The jackal bites you.
* * * LOW HITPOINT WARNING * * *
The hobgoblin closely misses you.
The jackal bites you but does no damage.
You hit the jackal but do no damage.
The jackal is severely wounded.
You closely miss the hobgoblin. The jackal misses you. The hobgoblin hits you.
You die...

#...)...###...#######
#....................
#....<..###)#)#######
#.....).#...(........
#.......#....).......
####.####......####..
#[ ###.#..# . #.
#..h.###.... #.
###@........ #.
#...g......##
#.......#...#
#.......# #.#
#...#...# . #!.......
#...###.## #... .#


You could see a jackal and a hobgoblin.

Vanquished Creatures
  An adder (D:3)
  2 worms (D:2)
  2 dart slugs (D:1)
  2 leopard geckos
  4 orcs (D:3)
  A ball python (D:1)
  8 bats
  3 giant cockroaches
  4 goblins (D:1)
  2 hobgoblins
  7 jackals
  6 kobolds
  A quokka (D:3)
  2 frilled lizards (D:2)
  A quokka skeleton (D:3)
  7 rats
53 creatures vanquished.

Notes
Turn   | Place    | Note
-------+----------+-------------------------------------------
     0 | D:1      | Fang the Gargoyle Berserker began the quest for the Orb.
     0 | D:1      | Reached XP level 1. HP: 14/14 MP: 1/1
   109 | D:1      | Reached XP level 2. HP: 16/19 MP: 2/2
   617 | D:1      | Reached XP level 3. HP: 24/24 MP: 3/3
   710 | D:1      | Reached ** piety under Trog
  1781 | D:2      | Found a glowing silver altar of Zin.
  1876 | D:3      | Reached XP level 4. HP: 28/29 MP: 4/4
  1898 | D:3      | Reached skill level 4 in Fighting
  1944 | D:3      | HP: 1/29 [jackal (3)]
  1945 | D:3      | Slain by a hobgoblin

Skill      XL: |  1  2  3  4 |
---------------+-------------+-----
Axes           | 3 |  3.2
Dodging        | 2 |  2.2
Fighting       | 4 |  4.0
Armour         | 3 |  3.0

Action                   |  1- 3 |  4- 6 || total
-------------------------+-------+-------++-------
Melee: Hand axe          |   147 |    41 ||   188
 Stab: Sleeping          |     1 |       ||     1
  Eat: Chunk             |     2 |       ||     2
Armor: Animal skin       |    62 |    23 ||    85
Dodge: Dodged            |   119 |    55 ||   174
